 Dungeon Crawl Stone Soup version 0.31-a0-940-gdaa99269f9 (webtiles) character file.

Game seed: 3680469195266138744

310 kae the Cleaver (level 6, 0/51 HPs)
             Began as a Hill Orc Fighter on Oct 20, 2023.
             Succumbed to a water moccasin's poison
             ... in a sewer.
             The game lasted 00:03:06 (2694 turns).

kae the Cleaver (Hill Orc Fighter)                  Turns: 2694, Time: 00:03:07

Health: 0/51       AC:  5    Str: 21    XL:     6   Next: 41%
Magic:  6/6        EV: 10    Int:  8    God:
Gold:   92         SH:  5    Dex: 16    Spells: 5/5 levels left

rFire   . . .        a - +0 war axe
rCold   + . .        c - +0 buckler
rNeg    . . .        j - +0 ring mail {rC+}
rPois   .            (no helmet)
rElec   .            (no cloak)
rCorr   .            (no gloves)
SInv    .            (no boots)
Will    .....        (no amulet)
Stlth   +            D - +6 ring of dexterity
HPRegen 0.28/turn    (no ring)
MPRegen 0.10/turn

%: no passive effects
@: lethally poisoned (0 -> -3), invisible
A: no striking features
a: no special abilities


You were in a sewer.
You visited 1 branch of the dungeon, and saw 4 of its levels.
You also visited: Sewer.

You collected 144 gold pieces.
You spent 52 gold pieces at shops.


   Skills:
 - Level 3.6 Fighting
 + Level 8.7 Axes
 - Level 3.2 Armour
 - Level 3.2 Shields


You had 5 spell levels left.
You didn't know any spells.
Your spell library contained the following spells:

 Spells                   Type           Power      Damage    Failure   Level
 Apportation              Tloc           0%         N/A       65%         1
 Necrotise                Necr           0%         1d4       65%         1
 Summon Small Mammal      Summ           0%         N/A       65%         1
 Lesser Beckoning         Tloc           0%         N/A       78%         2
 Gell's Gravitas          Tloc           0%         N/A       95%         3
 Teleport Other           Tloc           0%         N/A       95%         3

Inventory:

Hand Weapons
 a - a +0 war axe (weapon)
Missiles
 e - a throwing net {=f!f}
 k - 22 stones
 l - 3 poisoned darts
Armour
 b - a +0 scale mail
 c - a +0 buckler (worn)
 j - a +0 ring mail of cold resistance (worn)
   (You found it on level 1 of the Dungeon)
Jewellery
 n - an amulet of reflection
   (You took it off a kobold on level 3 of the Dungeon)
 D - a +6 ring of dexterity (left hand)
   (You found it on level 3 of the Dungeon)
Wands
 q - a wand of polymorph (11)
   (You found it on level 4 of the Dungeon)
Scrolls
 h - 3 scrolls of identify {@r1}
 m - a scroll of teleportation {@r4}
Potions
 d - 2 potions of might
 f - 2 potions of resistance
 i - a potion of degeneration {!q}
 p - a potion of enlightenment

Dungeon Overview and Level Annotations

Branches:
Dungeon (4/15) Zot: 21326   Sewer (1/1) Zot: 5918
 Temple: D:4-7

Altars:
Hepliaklqana
Zin

Shops:
D:2

*[!* #..$/$..#
#.......#
#.......# .......
..... ... #######
#S# ##.....## #@#
#...≈...## #.#
...≈≈≈...#######.#
∩.≈≈≈≈≈..........#
..†≈≈≈...#######.#
#...≈...## #.#
##.....## #.#
####### #.# #.#


You could see a water moccasin (unable to see you).


Message History

The bat barely misses you. You block the bat's attack.
You hit the bat.
You kill the bat!
The bat hits you but does no damage.
A bat is nearby! 😮 HP[+1]
A bat is nearby!
A bat comes into view.
The bat barely misses you.
You see here a bat corpse.
You barely miss the bat. The bat hits you but does no damage.
There are monsters nearby!
You barely miss the bat. You slash the bat!
You kill the bat!
You block the bat's attack.
You slash the bat!
You kill the bat!
A bat comes into view.
Found a potion of haste.
Found a gate leading back out of this place. 😎 HP[+13]
Your hp is fully restored (51).
You block the bat's attack. The bat closely misses you.
You hit the bat. The bat misses you. The bat barely misses you. x2
A bat is nearby!
You slash the bat!
You kill the bat!
No target in view!
A water moccasin comes into view.
The water moccasin hisses angrily.
The water moccasin bites you but does no damage.
You see here a potion of haste {@q3}.
A water moccasin is nearby!
You barely miss the water moccasin.
The water moccasin bites you but does no damage.
You barely miss the water moccasin. The water moccasin bites you!
You are poisoned.
The water moccasin poisons you!
The water moccasin bites you but does no damage. 😕 HP[-7]
You take 7 damage, and now have 44/51 hp.
You hit the water moccasin but do no damage.
You feel very sick. The water moccasin bites you. 😮 HP[-7]
You take 7 damage, and now have 37/51 hp.
You miss the water moccasin.
You feel sick. The water moccasin bites you.
The water moccasin closely misses you.
You are too injured to fight recklessly! 😮 HP[-4]
You take 4 damage, and now have 33/51 hp.
You closely miss the water moccasin.
You feel sick. You block the water moccasin's attack.
The water moccasin bites you but does no damage. 😮 HP[-2]
You take 2 damage, and now have 31/51 hp.
You miss the water moccasin.
You feel sick.
You block the water moccasin's attack. 😮 HP[-1]
You take 1 damage, and now have 30/51 hp.
Unknown command.
You hit the water moccasin but do no damage.
You feel sick.
The water moccasin bites you but does no damage.
The water moccasin bites you.
You are more poisoned.
The water moccasin poisons you! 😮 HP[-4]
You take 4 damage, and now have 26/51 hp.
You feel much better.
You feel very sick. The water moccasin bites you. 😮 HP[+4]
You regained 4 hp, and now have 30/51 hp.
You barely miss the water moccasin.
You feel very sick.
You block the water moccasin's attack. x2 😮 HP[-3]
You take 3 damage, and now have 27/51 hp.
You hit the water moccasin.
You feel very sick. The water moccasin bites you.
* * * LOW HITPOINT WARNING * * *
😨 HP[-6]
You take 6 damage, and now have 21/51 hp.
You hit the water moccasin.
You feel sick. The water moccasin bites you.
* * * LOW HITPOINT WARNING * * *
The water moccasin bites you!
* * * LOW HITPOINT WARNING * * *
😱 HP[-12]
You take 12 damage, and now have 9/51 hp.
MASSIVE DAMAGE!! (PAUSE)
You hit the water moccasin.
You feel sick. The water moccasin barely misses you.
The water moccasin bites you.
* * * LOW HITPOINT WARNING * * *
😱 HP[-8]
You take 8 damage, and now have 1/51 hp.
It was a potion of invisibility.
You fade into invisibility!
You die...

Skill      XL: |  1  2  3  4 |
---------------+-------------+-----
Axes           | 3 4 5 8 |  8.7
Fighting       | |  3.6
Armour         | |  3.2
Shields        | |  3.2

Action                     |  1- 3 |  4- 6 || total
---------------------------+-------+-------++-------
  Melee: War axe           |    87 |   123 ||   210
    Use: Scroll            |     4 |     4 ||     8
         Potion            |     2 |     2 ||     4
 Armour: Scale mail        |    37 |       ||    37
         Ring mail         |    30 |    88 ||   118
  Dodge: Dodged            |    47 |    52 ||    99
  Block: Buckler           |    17 |    31 ||    48

Levels and vault maps discovered:
D:1:      dpeg_cavernosity, layout_basic
D:2:      layout_loops_ring, serial_shops, shop, nicolae_shop_dealshenge,
          nicolae_shop_tiny_waterfront, shop, basic_altar
D:3:      layout_rooms, mainiacjoe_overflow_chevrons, minmay_misc_feat_alley
D:4:      layout_rooms, elyvilon_altar_1, gup_sewer_entry_bubbles, uniq_sigmund
Sewer:    sewer_big_baddie

Notes
Turn   | Place    | Note
-------+----------+-------------------------------------------
     0 | D:1      | kae the Hill Orc Fighter began the quest for the Orb.
     0 | D:1      | Reached XP level 1. HP: 19/19 MP: 1/1
     0 | D:1      | magus.rc [v1.11.3]
   131 | D:1      | Reached skill level 3 in Axes
   207 | D:1      | Reached XP level 2. HP: 20/26 MP: 2/2
   333 | D:1      | Reached skill level 4 in Axes
   430 | D:1      | Reached XP level 3. HP: 31/31 MP: 3/3
   433 | D:1      | You pick up a book of Displacement and begin reading...
   433 | D:1      | You add the spells Lesser Beckoning, Gell's Gravitas and
                  | Teleport Other to your library.
   998 | D:2      | Found Efasaf's Assorted Antiques.
  1006 | D:2      | Bought a bubbling coppery potion for 26 gold pieces
  1006 | D:2      | Bought a fizzy golden potion for 26 gold pieces
  1039 | D:2      | Found Ysataurph's Distillery.
  1070 | D:2      | You pick up a book of Cantrips and begin reading...
  1070 | D:2      | You add the spells Necrotise, Summon Small Mammal and
                  | Apportation to your library.
  1072 | D:2      | Found Amuu's Assorted Antiques.
  1086 | D:2      | Found a glowing silver altar of Zin.
  1151 | D:2      | Reached skill level 5 in Axes
  1162 | D:2      | HP: 2/31 [gnoll/+0 whip (7)]
  1173 | D:2      | Reached XP level 4. HP: 12/39 MP: 4/4
  1181 | D:2      | Identified the -2 pair of boots of Ruleecw {Dex+2}
  1301 | D:2      | Identified the +1 dagger of Koluim {heavy, rN+ Stlth+}
  1517 | D:2      | Found Poxir's Antique Armour Shop.
  1757 | D:3      | Reached skill level 6 in Axes
  1838 | D:3      | Found a hazy altar of Hepliaklqana.
  2361 | D:4      | Noticed Sigmund
  2381 | D:4      | Killed Sigmund
  2382 | D:4      | Reached skill level 8 in Axes
  2382 | D:4      | Reached XP level 5. HP: 22/45 MP: 5/5
  2382 | D:4      | Reached XP level 6. HP: 25/51 MP: 6/6
  2598 | D:4      | Found a glowing drain.
  2614 | Sewer    | Entered a sewer
  2679 | Sewer    | Noticed a water moccasin
  2692 | Sewer    | HP: 9/51 [water moccasin (7)]
  2693 | Sewer    | HP: 1/51 [water moccasin (6)]
  2694 | Sewer    | Succumbed to a water moccasin's poison

Vanquished Creatures
  Sigmund (D:4)
  3 gnolls (D:2)
  3 adders (D:4)
  A river rat (D:4)
  2 dart slugs
  5 orcs (D:3)
  7 ball pythons
  11 bats
  6 endoplasms
  6 giant cockroaches
  7 goblins
  5 hobgoblins
  7 kobolds
  3 quokkas
  4 frilled lizards
  4 rats
75 creatures vanquished.

Table legend:
 A = Non-vault XP
 B = Vault XP
 C = Vault XP percentage of total XP
 D = Non-vault monster count
 E = Vault monster count
 F = Vault count percentage of total count
                 A         B        C        D         E       F
            +---------+---------+-------+---------+---------+-------
      Total |     159 |     284 |  64.1 |      58 |      17 |  22.7
            +---------+---------+-------+---------+---------+-------
        D:1 |      37 |       7 |  15.9 |      21 |       4 |  16.0
        D:2 |      59 |       0 |   0.0 |      12 |       0 |   0.0
        D:3 |      43 |       0 |   0.0 |      20 |       0 |   0.0
        D:4 |      20 |     270 |  93.1 |       5 |       8 |  61.5
      Sewer |       0 |       7 | 100.0 |       0 |       5 | 100.0
            +---------+---------+-------+---------+---------+-------

Skill      XL: |  1  2  3  4 |
---------------+-------------+-----
Axes           | 3 4 5 8 |  8.7
Fighting       | |  3.6
Armour         | |  3.2
Shields        | |  3.2

Action                     |  1- 3 |  4- 6 || total
---------------------------+-------+-------++-------
  Melee: War axe           |    87 |   123 ||   210
    Use: Scroll            |     4 |     4 ||     8
         Potion            |     2 |     2 ||     4
 Armour: Scale mail        |    37 |       ||    37
         Ring mail         |    30 |    88 ||   118
  Dodge: Dodged            |    47 |    52 ||    99
  Block: Buckler           |    17 |    31 ||    48

Illustrated notes

Table legend:
 A = Kills in this place as a percentage of kills in the entire game.
 B = Kills by you in this place as a percentage of kills by you in the entire game.
 C = Kills by friends in this place as a percentage of kills by friends in the entire game.
 D = Other kills in this place as a percentage of other kills in the entire game.
 E = Experience gained in this place as a percentage of experience gained in the entire game.
 F = Experience gained in this place divided by the number of levels of this place that you have seen.
                   A       B       C       D       E      F
               +-------+-------+-------+-------+-------+----------------------
         Total | 100.0 | 100.0 |   N/A |   N/A | 100.0 |  88.6
       Dungeon |  93.3 |  93.3 |   N/A |   N/A |  98.4 | 109.0
         Sewer |   6.7 |   6.7 |   N/A |   N/A |   1.6 |   7.0
               +-------+-------+-------+-------+-------+----------------------

Table legend: (Time is in decaauts)
 A = Elapsed time spent in this place.
 B = Non-inter-level travel time spent in this place.
 C = Inter-level travel time spent in this place.
 D = Time resting spent in this place.
 E = Time spent auto-exploring this place.
 F = Levels seen in this place.
 G = Mean time per level.
                   A        B        C        D        E       F      G
               +--------+--------+--------+--------+--------+-----+--------+
         Total |   2756 |   2670 |     86 |     12 |   2089 |   5 |  551.2 |
       Dungeon |   2674 |   2588 |     86 |     12 |   2037 |   4 |  668.5 |
         Sewer |     82 |     82 |      0 |      0 |     52 |   1 |   82.0 |
               +--------+--------+--------+--------+--------+-----+--------+

Top non-repeatable levels by time:
     D:2: 929 daAuts
     D:1: 842 daAuts
     D:3: 518 daAuts
     D:4: 383 daAuts
   Sewer: 82 daAuts
